Cogmind - Beta 13 @@@ ROGUE MODE // 2024.04.28 @ 22:34:58 Player: Red_Zig Result: Destroyed by 86-GA2(R) with Subdweller Beam Cannon Performance ------------- Evolutions (0) 0 Regions Visited (2) 400 Robots Destroyed (27) 135 Value Destroyed (619) 619 Prototype IDs (0) 0 Alien Tech Used (0) 0 Bonus (0) 0 TOTAL SCORE: 1154 Bonus ------- None Cogmind --------- Core Integrity 0/250 Matter 192/300 Energy 100/100 System Corruption 0% Temperature Cool (9) Movement Treading (240) Ox1 Location -10/Subcaves Parts ------- > --- POWER (1) -------- Subdweller Power Source > --- PROPULSION (2) --- Light Treads Subdweller Monowheel > --- UTILITY (2) ------ Large Storage Unit Targeting Computer > --- WEAPON (2) ------- Rocket Launcher Mining Laser > --- INVENTORY (15) --- Aluminum Leg Aluminum Leg Large Matter Pod (63) Signal Interpreter Targeting Computer Light Armor Plating Light Armor Plating Medium Laser Heavy Assault Rifle Battle Rifle Subdweller Machine Gun Rocket Launcher Mini Grenade Launcher Mini Grenade Launcher Plasma Cutter Peak State ------------ > --- POWER ------------ Subdweller Power Source > --- PROPULSION ------- Light Treads Subdweller Monowheel > --- UTILITY ---------- Large Storage Unit Targeting Computer > --- WEAPON ----------- Medium Laser Heavy Assault Rifle > --- INVENTORY -------- Aluminum Leg Aluminum Leg Large Matter Pod Signal Interpreter Targeting Computer Light Armor Plating Light Armor Plating Battle Rifle Subdweller Machine Gun Rocket Launcher Rocket Launcher Mini Grenade Launcher Mini Grenade Launcher Mining Laser Plasma Cutter [Rating: 12] Favorites ----------- Power Ion Engine Engine Ion Engine Propulsion Light Treads Treads Light Treads Leg Aluminum Leg Wheel Subdweller Monowheel Utility Targeting Computer Storage Large Storage Unit Processor Targeting Computer Weapon Heavy Assault Rifle Energy Gun Medium Laser Ballistic Gun Heavy Assault Rifle Launcher Rocket Launcher Special Weapon Mining Laser Build | -11 -10 -10 ------- Run | Yrd Mat Sub Slots Evolved . | . . . Power . | . . . Propulsion . | . . . Utility . | . . . Weapon . | . . . Parts Attached 33 | 6 13 14 Power 3 | 1 1 1 Engine 3 | 1 1 1 Core . | . . . Reactor . | . . . Propulsion 8 | 2 2 4 Treads 3 | . 2 1 Leg 4 | 2 . 2 Wheel 1 | . . 1 Hover . | . . . Flight . | . . . Utility 3 | 1 2 . Device . | . . . Storage 2 | 1 1 . Processor 1 | . 1 . Hackware . | . . . Protection . | . . . Artifact . | . . . Weapon 19 | 2 8 9 Energy Gun 1 | . . 1 Energy Cannon . | . . . Ballistic Gun 9 | 2 5 2 Ballistic Cannon . | . . . Launcher 5 | . 1 4 Special Weapon 4 | . 2 2 Impact Weapon . | . . . Slashing Weapon . | . . . Piercing Weapon . | . . . Special Melee Weapon . | . . . Unidentified Prototypes . | . . . Parts Lost 5 | . . 5 Power 1 | . . 1 Propulsion 3 | . . 3 Utility . | . . . Weapon 1 | . . 1 Highest Loss Streak 3 | . . 3 To Critical Strikes . | . . . Average Slot Usage (%) 94 | . 99 89 Engine 13 | . 14 12 Treads 19 | . 22 16 Leg 3 | . 5 1 Wheel 1 | . . 2 Storage 14 | . 14 14 Processor 13 | . 13 14 Energy Gun 1 | . . 2 Ballistic Gun 21 | . 24 18 Special Weapon 4 | . 3 6 Naked Turns . | . . . Heaviest Build 31 | 13 31 31 Greatest Support 40 | 20 40 40 Greatest Overweight (x) 2 | . . 2 Average Overweight (x) . | . . . Largest Inventory Capacity 15 | 8 15 15 Average Capacity 14 | 6 13 15 Most Carried 15 | 6 15 15 Average Carried 13 | 3 11 14 Final Capacity 15 | 8 15 15 Final Carried 15 | 6 15 15 Class Distribution -------------------- 100% | Mutant Dominant Class ---------------- Mutant | -10/Materials Mutant | -10/Subcaves Resources | -11 -10 -10 ----------- Run | Yrd Mat Sub Matter Collected 972 | 112 409 451 Remotely . | . . . Salvage Created 713 | . 459 254 Parts 54 | . 38 16 Haulers Intercepted 1 | . 1 . Recyclers Shooed 1 | . 1 . Parts Field Recycled . | . . . Retrieved Matter . | . . . Parts Self-Destructed 11 | . . 11 Prevented . | . . . Kills | -11 -10 -10 ------- Run | Yrd Mat Sub Combat Hostiles Destroyed 19 | . 11 8 Guns 12 | . 8 4 Cannons 3 | . 3 . AOE 4 | . . 4 Classes Destroyed 9 | . 7 2 Worker 1 | . 1 . Builder 1 | . 1 . Hauler 1 | . 1 . Recycler 1 | . 1 . Turret 2 | . . 2 Watcher 2 | . 2 . Swarmer 8 | . 6 2 Grunt 5 | . 5 . Subdweller 6 | . . 6 Best Kill Streak 3 | . 3 2 Combat Bots Only 3 | . 3 2 Max Kills in Single Turn 1 | . 1 1 Gunslinging . | . . . Exploded 1 | . . 1 Melee . | . . . Uniques/NPCs Destroyed . | . . . Combat | -11 -10 -10 -------- Run | Yrd Mat Sub Hostile Shots Fired 132 | . 61 71 Missed 37 | . 15 22 Damage Taken 1410 | . 475 935 Core 268 | . 60 208 Absorbed by Shields . | . . . Core Remaining (%) 100 | 100 . . Volleys Fired 107 | . 59 48 Largest 2 | . 2 2 Hottest 100 | . 46 100 Shots Fired 181 | . 116 65 Gun 120 | . 96 24 Cannon . | . . . Launcher 23 | . 2 21 Special 38 | . 18 20 Kinetic 114 | . 96 18 Thermal 44 | . 18 26 Explosive 23 | . 2 21 Electromagnetic . | . . . Robot Hit Streak 26 | . 18 26 Robot Miss Streak 7 | . 7 1 Penetration Max . | . . . Secondary Targets 1 | . 1 . Max Gunslinging Chain 1 | . 1 . Shots Hit Robots 92 | . 65 27 Core Hits 51 | . 26 25 Critical Kills 1 | . 1 . Critical Parts Destroyed . | . . . Critical Strikes 2 | . 1 1 Burn 1 | . . 1 Destroy 1 | . 1 . Melee Attacks . | . . . Impact . | . . . Slashing . | . . . Piercing . | . . . Sneak Attacks . | . . . Combat Hostiles . | . . . Follow-up Attacks . | . . . Damage Inflicted 1911 | . 908 1003 Guns 1076 | . 742 334 Cannons . | . . . Explosions 774 | . 105 669 Melee . | . . . Ramming 1 | . 1 . Kinetic 1013 | . 742 271 Thermal 123 | . 60 63 Explosive 774 | . 105 669 Electromagnetic . | . . . Impact . | . . . Slashing . | . . . Piercing . | . . . Highest Corruption . | . . . Average Corruption . | . . . Corruption Purged . | . . . Corruption Blocked . | . . . Overload Shots . | . . . Overflow Damage . | . . . Projectiles . | . . . Explosions . | . . . Melee . | . . . Knockbacks . | . . . Impact . | . . . Kinetic . | . . . Secondary . | . . . Self-Inflicted Damage 111 | . . 111 Shots 5 | . . 5 Rammed 1 | . 1 . Targets Rammed 1 | . 1 . Kicked . | . . . Crushed . | . . . Highest Temperature 234 | . 18 234 Average Temperature 40 | . 8 135 Received Heat Transfer 667 | . 165 502 Siege Activations . | . . . Robots Corrupted . | . . . Combat Hostiles . | . . . Parts Fried . | . . . Impact Corruptions . | . . . Robots Melted . | . . . Combat Hostiles . | . . . Parts Melted 4 | . 1 3 Heat Transferred 444 | . 185 259 Parts Sabotaged . | . . . Parts Stolen . | . . . Parts Stripped . | . . . Power Chain Reactions . | . . . Alert | -11 -10 -10 ------- Run | Yrd Mat Sub Peak Influence 212 | . 212 . Initial . | . . . Average 67 | . 70 . Maximum Alert Level 1 | . 1 . Low Security (%) 94 | 100 93 . Level 1 5 | . 6 . Level 2 . | . . . Level 3 . | . . . Level 4 . | . . . Level 5 . | . . . High Security . | . . . Max Security . | . . . Squads Dispatched 2 | . 2 . Investigation . | . . . Extermination . | . . . Reinforcement 2 | . 2 . Assault . | . . . Garrison . | . . . Intercept . | . . . Searches Triggered . | . . . Construction Impeded . | . . . Haulers Reinforced . | . . . Active Scanning Responses . | . . . Cargo Convoy Interrupts . | . . . Stealth | -11 -10 -10 --------- Run | Yrd Mat Sub Distress Signals 2 | . 2 . Communications Jammed . | . . . Distress Signals . | . . . Times Spotted 59 | . 23 36 Peak Tracking Total 4 | . 4 4 Tactical Retreats 3 | . . 3 Traps | -11 -10 -10 ------- Run | Yrd Mat Sub Traps Triggered 2 | . . 2 Indirectly . | . . . Trap Hack Attempts . | . . . Triggered . | . . . Disarmed . | . . . Reprogrammed . | . . . Reused . | . . . Traps Extracted . | . . . Installed . | . . . Triggered . | . . . Machines | -11 -10 -10 ---------- Run | Yrd Mat Sub Machines Disabled 4 | . 1 3 Max in Single Turn 3 | . 1 3 Machines Repaired . | . . . Machines Dismantled 1 | . 1 . Machines Sabotaged . | . . . Overloaded Fab Kills . | . . . Hacking | -11 -10 -10 --------- Run | Yrd Mat Sub Machines Accessed 3 | . 3 . Terminals 3 | . 3 . Fabricators . | . . . Repair Stations . | . . . Recycling Units . | . . . Scanalyzers . | . . . Garrison Access . | . . . Total Hacks 6 | . 6 . Successful 4 | . 4 . Failed 2 | . 2 . Catastrophic . | . . . Database Lockouts . | . . . Manual 6 | . 6 . Terminals 6 | . 6 . Fabricators . | . . . Repair Stations . | . . . Recycling Units . | . . . Scanalyzers . | . . . Garrison Access . | . . . Terminal Hacks . | . . . Fabricator Hacks . | . . . Repair Station Hacks . | . . . Recycling Unit Hacks . | . . . Scanalyzer . | . . . Garrison Access Hacks . | . . . Unauthorized Hacks 4 | . 4 . Terminals 4 | . 4 . Botnet 3 | . 3 . Operators 1 | . 1 . Fabricators . | . . . Repair Stations . | . . . Recycling Units . | . . . Scanalyzers . | . . . Garrison Access . | . . . Data Cores Recovered . | . . . Used . | . . . Hacking Detections 3 | . 3 . Full Trace Events 1 | . 1 . Feedback Events . | . . . Feedback Blocked . | . . . Robot Schematics Acquired . | . . . Robots Built . | . . . Authchips . | . . . Time . | . . . Total Robot Build Rating . | . . . Part Schematics Acquired . | . . . Parts Built . | . . . Authchips . | . . . Time . | . . . Total Part Build Rating . | . . . Parts Repaired . | . . . Time . | . . . Parts Recycled . | . . . Recycled Matter . | . . . Retrieved Matter . | . . . Retrieved Components . | . . . Parts Scanalyzed . | . . . Part Schematics Acquired . | . . . Parts Damaged . | . . . Bothacking | -11 -10 -10 ------------ Run | Yrd Mat Sub Used RIF Installer . | . . . Robots Hacked . | . . . Non-combat . | . . . Combat . | . . . Robot Hacks Applied . | . . . Relay Couplers Released . | . . . Fabnet Peak Effective % . | . . . Robots Rewired . | . . . Allies Hacked . | . . . Hacks Repelled . | . . . Allies | -11 -10 -10 -------- Run | Yrd Mat Sub Total Allies . | . . . Largest Group . | . . . Highest-Rated Group . | . . . Highest-Rated Ally . | . . . Total Orders . | . . . Ally Attacks . | . . . Total Damage . | . . . Kills . | . . . Allies Corrupted . | . . . Allies Melted . | . . . Intel | -11 -10 -10 ------- Run | Yrd Mat Sub Robot Analysis Total . | . . . Derelict Logs Recovered 2 | . . 2 Drone Launches . | . . . Drone Recoveries . | . . . Exploration | -11 -10 -10 ------------- Run | Yrd Mat Sub Turns Passed 3717 | 66 1715 1936 Spaces Moved 1314 | 47 535 732 Core 7 | 7 . . Treads 1007 | . 384 623 Legs 218 | 40 151 27 Wheels 82 | . . 82 Hover . | . . . Flight . | . . . Fastest Speed 50 | 50 120 120 Average Speed 181 | 109 148 209 Slowest Speed 260 | 120 160 260 Overloaded Moves . | . . . Propulsion Burnouts . | . . . Robots Hopped . | . . . Cave-ins Triggered . | . . . Exploration Rate (%) 40 | 4 74 43 Regions Visited 2 Branch Regions 1 Pre-discovered Areas 2 | . . 2 Known Exits Taken . | . . . Unknown Exits Taken 2 | 1 1 . Scrap Searched 3 | . . 3 Spaces Dug . | . . . Terrain Destroyed 135 | . 27 108 Melee . | . . . Projectile . | . . . AOE 135 | . 27 108 Terrain Rammed . | . . . Walls Destroyed . | . . . Machines Disabled . | . . . Actions | -11 -10 -10 --------- Run | Yrd Mat Sub Total 2351 | 58 1269 1024 Wait 834 | . 607 227 Move 1312 | 46 534 732 Hop . | . . . Pick Up 23 | 6 14 3 Fast Attach 12 | 6 4 2 Attach 6 | . 3 3 Detach 2 | . 2 . Swap 15 | . 6 9 Drop 9 | . 9 . Fire 107 | . 59 48 Melee . | . . . Ram . | . . . Kick . | . . . Crush 1 | . 1 . Escape Stasis . | . . . Rewire . | . . . Trap . | . . . Miscellaneous 30 | . 30 . Route ------- -11/Scrapyard -10/Materials (discovered 4 exits: [*Mat x3] / [*Sub]) -10/Subcaves (discovered 3 exits: [*Mat x2] / [*Rec]) History --------- Turn | Location | Event 5 | -11/Scrapyard | Discovered new exit (range 15) 67 | -11/Scrapyard | Entered Materials 305 | -10/Materials | Build established: Mutant 607 | -10/Materials | Discovered new exit (range 3) 897 | -10/Materials | Discovered new exit (range 16) 1313 | -10/Materials | Discovered new exit (range 15) 1764 | -10/Materials | Discovered new exit (range 4) 1782 | -10/Materials | Entered Subcaves 1787 | -10/Subcaves | Learned location of Mines (-8) 1831 | -10/Subcaves | Shifting Twisted Machinery released Flamer 2639 | -10/Subcaves | Shifting Twisted Machinery released Shrapnel Trap 2651 | -10/Subcaves | Learned location of Zion (-6) 3237 | -10/Subcaves | Discovered new exit (range 10) 3253 | -10/Subcaves | Discovered new exit (range 15) 3256 | -10/Subcaves | Core integrity fell below 50% 3288 | -10/Subcaves | Lost 3 parts (1p1n1w) 3332 | -10/Subcaves | Ambushed by Subdweller buried in earth 3684 | -10/Subcaves | Discovered new exit (range 11) 3708 | -10/Subcaves | Core integrity fell below 20% 3715 | -10/Subcaves | Ambushed by Subdweller buried in earth 3718 | -10/Subcaves | Destroyed by 86-GA2(R) with Subdweller Beam Cannon Last Messages --------------- 03455_ Acquired 14 matter. 03466_ Acquired 20 matter. 03467_ Acquired 21 matter. 03471_ Acquired 5 matter. 03521_ Searching scrap... 03521_ Found Humpback. 03521_ Found 20 Matter. 03522_ Acquired 20 matter. 03527_ Acquired 33 matter. 03537_ Sub. Monowheel shoots sparks and powers down. 03607_ Sub. Power Source shoots sparks and powers down. 03684_ EXIT=FOUND 03703_ K2-H1Z(R) destroyed. 03706_ P4-8VE(R): "FREEEEDUMB!" 03715_ P4-8VE(R) destroyed. 03716_ 86-GA2(R): "ARGHSUB!" 03717_ The unstable cave ceiling collapses. [Achievement: Back For More] Map ----- +----------------------------------------------------+ | ???????????????????????????????????????????? | | ???????????????????????????????????????????? | | ???????????????????????????????????????????? | | ???????????????????????????????????????????? | | ???????????????????????????????????????????? | | ???????????????????????????????????????????? | | ???????????????????????????????????????????? | | ???????????????????????????????????????????? | | ???????????????????????????????????????????? | | ???????????????????????????????????????????? | | ??????????????????????????"????????????????? | | ????????????????????????## ###?????????????? | | ????????????????????#### ##????????????? | | ??????????????????"# # R ????????????? | | ???????????????? "" ? #????????????? | | ???????????????? "" #????????????? | | ????????????????"" # &= #????????????? | | ????????????????#" < #????????????? | | ?????????????????# #????????????? | | ?????????????????? #?????????????? | | ???????????????????# ##????????????? | | ????????????????????# & #????????????? | | ????????????????????# R ##????????????? | | ????????????????????# #????????????? | | ?????????????????????# #?????????????? | | ??????????????????????# @ #?????????????? | | ?????????????????????### #????????????? | | ?????????????????????#"# ##????????????? | | ?????????????????????#" ###?????????????? | | ?????????????????????#"" # ##??????????????? | | ?????????????????????# "# #??????????????? | | ?????????????????????# "# ##??????????????? | | ?????????????????????# "" #??????????????? | | ?????????????????????# #??????????????? | | ?????????????????????# ##??????????????? | | ?????????????????????# ##???????????????? | | ?????????????????????# ###??????????????? | | ?????????????????????## ##?????????????? | | ?????????????????????## #?????????????? | | ?????????????????????# #?????????????? | | ?????????????????????#### #?????????????? | | ????????????????????????## #?????????????? | | ????????????????????###### #?????????????? | | ######????????????### ## #?????????????? | | ###????????## #?????????????? | | ####?????# ####?????????????? | | ? ##????## ###????????????????? | | ??? #?????### #??????????????????? | | ????# ????##### ###????????????????? | | ###?# ###### #????????????????? | +----------------------------------------------------+ Best States ------------- Heat Dissipation 25 Energy Generation 15 Energy Capacity 250 Matter Stores 300 Matter Capacity 300 Sight Range 16 Terrain Scan Density 10 Evasion (%) 55 Targeting Accuracy 5 Recoil Reduction 2 Item Schematics ----------------- None Robot Schematics ------------------ None Fabricated ------------ Nothing Alien Tech Used ----------------- None Achievements -------------- Back For More Challenges ------------ None Game ------ Seed DeliveryKineticSuperbattery Manual? 0 Play Time 00:25:26 Cumulative 52.6 hours Start 2024.04.28 @ 22:09:54 End 2024.04.28 @ 22:34:58 Sessions 1 Manual Loads 0 Difficulty Rogue Special Mode None Game No. 50 Rogue 38 Adventurer 12 Explorer 0 Win Type - Total 0 Types 0/0/0/0/0/0/0/0/0 Lore% 24 Gallery% 40 Achievement% 32 Wizard Run 0 Options --------- Layout 2 ASCII 0 Keyboard 0 Movement Mouse Keybinds 0 Fullscreen 1 Font 24/Smallcaps Map View 50x44 Zoom Use 48% Tactical HUD 1 Map Filters NONE Filters NONE Steam 1 RUN: 6deae846-7cd0-4eac-84f3-fa7c10b9fa74